General information
- name: BNet
- type: Ladder team game (AT/RT)
- host: Battle.net
- saver: MamasFamily
map: Deadlock
- players: 8
- length: 41:43
- speed: Fast
- version: 1.26 W3XP
- replay type: Public
» download(193 KB)
Players
team 1 (loser)
MamasFamily (
yellow | 38 APM | 1572 actions | 41:43)
7 Archmage
3 Summon Water Elemental
3 Brilliance Aura
1 Mass Teleport
» actions
| Assign group hotkey | 58 | |
| Basic commands | 154 | |
| Build / train | 59 | |
| Enter build submenu | 22 | |
| Enter hero's abilities submenu | 8 | |
| Give item / drop item | 8 | |
| Right click | 618 | |
| Select / deselect | 290 | |
| Select group hotkey | 274 | |
| Use ability | 81 | |
1572 total
» units
| Peasant | 14 | |
| Footman | 5 | |
| Gryphon Rider | 6 | |
25 total
» upgrades
| Lumber Harvesting | 2 | |
| Swords | 3 | |
| Armor | 5 | |
| Storm Hammers | 1 | |
| Cloud | 1 | |
| Masonry | 2 | |
14 total
» buildings
| Altar of Kings | 1 | |
| Barracks | 1 | |
| Farm | 6 | |
| Arcane Vault | 1 | |
| Keep | 1 | |
| Town Hall | 4 | |
| Lumber Mill | 2 | |
| Castle | 1 | |
| Gryphon Aviary | 5 | |
| Blacksmith | 2 | |
24 total
» build order
00:36 Altar of Kings
00:38 Barracks
00:50 Farm
01:05 Farm
01:08 Farm
01:45 Farm
03:01 Arcane Vault
03:55 Keep
04:11 Town Hall
04:25 Lumber Mill
06:50 Castle
07:48 Gryphon Aviary
07:48 Gryphon Aviary
07:49 Gryphon Aviary
07:50 Gryphon Aviary
07:55 Gryphon Aviary
07:59 Blacksmith
08:00 Blacksmith
08:46 Farm
14:14 Lumber Mill
22:23 Farm
22:29 Town Hall
29:24 Town Hall
30:42 Town Hall
» items
| Scroll of Town Portal | 2 | |
| Mechanical Critter | 2 | |
| Staff of Teleportation | 1 | |
| Periapt of Vitality | 2 | |
| Potion of Lesser Invulnerability | 1 | |
| Potion of Healing | 1 | |
| Dust of Appearance | 1 | |
10 total

»
CLOPES (
green | 23 APM | 737 actions | 31:48)
6 Keeper of the Grove
3 Force of Nature
1 Entangling Roots
1 Thorns Aura
1 Tranquility
» actions
| Build / train | 79 | |
| ESC pressed | 1 | |
| Enter build submenu | 25 | |
| Enter hero's abilities submenu | 6 | |
| Remove unit from queue | 2 | |
| Right click | 249 | |
| Select / deselect | 332 | |
| Use ability | 43 | |
737 total
» units
| Wisp | 26 | |
| Archer | 2 | |
| Huntress | 8 | |
| Chimaera | 12 | |
| Hippogryph | 12 | |
| Glaive Thrower | 3 | |
63 total
» upgrades
| Strength of the Wild | 3 | |
| Reinforced Hides | 1 | |
| Corrosive Breath | 1 | |
5 total
» buildings
| Altar of Elders | 1 | |
| Moon Well | 7 | |
| Ancient of War | 1 | |
| Hunter's Hall | 1 | |
| Ancient Protector | 6 | |
| Tree of Life | 1 | |
| Tree of Ages | 1 | |
| Tree of Eternity | 1 | |
| Ancient of Wind | 2 | |
| Chimaera Roost | 2 | |
23 total
» build order
00:10 Altar of Elders
00:20 Moon Well
01:23 Ancient of War
01:42 Moon Well
02:29 Hunter's Hall
02:38 Moon Well
03:40 Ancient Protector
04:03 Moon Well
04:30 Ancient Protector
05:24 Tree of Life
05:48 Tree of Ages
08:23 Tree of Eternity
08:52 Ancient of Wind
09:29 Ancient of Wind
10:07 Ancient Protector
10:15 Ancient Protector
11:01 Ancient Protector
11:05 Ancient Protector
11:12 Chimaera Roost
11:15 Chimaera Roost
13:41 Moon Well
13:51 Moon Well
14:53 Moon Well
jt94beachbum (
red | 36 APM | 1193 actions | 33:29)
7 Far Seer
3 Feral Spirit
3 Chain Lighting
1 Earth Quake
» actions
| Assign group hotkey | 27 | |
| Basic commands | 4 | |
| Build / train | 61 | |
| ESC pressed | 1 | |
| Enter build submenu | 26 | |
| Enter hero's abilities submenu | 7 | |
| Give item / drop item | 2 | |
| Right click | 471 | |
| Select / deselect | 333 | |
| Select group hotkey | 166 | |
| Use ability | 95 | |
1193 total
» units
» upgrades
| Melee Weapons | 3 | |
| Berserker Strength | 1 | |
| Pulverize | 1 | |
| Armor | 2 | |
7 total
» buildings
| Altar of Storms | 1 | |
| Orc Burrow | 6 | |
| Barracks | 1 | |
| Voodoo Lounge | 1 | |
| War Mill | 1 | |
| Stronghold | 1 | |
| Great Hall | 2 | |
| Fortress | 1 | |
| Watch Tower | 8 | |
| Tauren Totem | 2 | |
| Beastiary | 2 | |
26 total
» build order
00:06 Altar of Storms
00:08 Orc Burrow
00:45 Barracks
01:31 Orc Burrow
02:11 Voodoo Lounge
03:00 Orc Burrow
03:53 War Mill
04:52 Stronghold
04:58 Orc Burrow
06:25 Great Hall
07:48 Fortress
07:54 Watch Tower
07:57 Watch Tower
09:27 Watch Tower
09:30 Watch Tower
10:50 Tauren Totem
10:53 Tauren Totem
12:44 Orc Burrow
15:32 Orc Burrow
15:50 Watch Tower
15:52 Watch Tower
16:44 Watch Tower
23:15 Great Hall
23:42 Watch Tower
29:59 Beastiary
30:02 Beastiary
» items
| Healing Salve | 1 | |
| Lesser Clarity Potion | 1 | |
| Scroll of Town Portal | 4 | |
| Potion of Healing | 3 | |
| Potion of Mana | 2 | |
| Orb of Lightning | 1 | |
| Staff of Teleportation | 1 | |
| Boots of Speed | 1 | |
14 total
uR-aLL-NooBs (
purple | 26 APM | 1095 actions | 41:43)
4 Keeper of the Grove
2 Force of Nature
2 Entangling Roots
2 Priestess of the Moon
1 Searing Arrows
1 Trueshot Aura
» actions
| Assign group hotkey | 1 | |
| Basic commands | 5 | |
| Build / train | 71 | |
| Enter build submenu | 23 | |
| Enter hero's abilities submenu | 6 | |
| Remove unit from queue | 1 | |
| Right click | 589 | |
| Select / deselect | 332 | |
| Use ability | 67 | |
1095 total
» units
| Wisp | 28 | |
| Archer | 4 | |
| Chimaera | 8 | |
| Hippogryph | 10 | |
50 total
» upgrades
| Strength of the Wild | 2 | |
| Reinforced Hides | 2 | |
| Corrosive Breath | 1 | |
5 total
» buildings
| Altar of Elders | 1 | |
| Moon Well | 9 | |
| Ancient of War | 1 | |
| Tree of Life | 1 | |
| Hunter's Hall | 1 | |
| Tree of Ages | 1 | |
| Tree of Eternity | 1 | |
| Ancient Protector | 5 | |
| Ancient of Wind | 1 | |
| Chimaera Roost | 3 | |
24 total
» build order
00:10 Altar of Elders
00:20 Moon Well
00:35 Ancient of War
01:28 Moon Well
02:25 Moon Well
03:50 Tree of Life
04:16 Hunter's Hall
04:37 Tree of Ages
07:53 Tree of Eternity
08:07 Moon Well
08:25 Ancient Protector
08:49 Ancient of Wind
09:00 Ancient Protector
09:05 Ancient Protector
09:08 Moon Well
09:27 Moon Well
10:16 Chimaera Roost
10:18 Chimaera Roost
10:19 Chimaera Roost
10:48 Ancient Protector
11:03 Ancient Protector
12:35 Moon Well
13:42 Moon Well
14:40 Moon Well
team 2 (winner)
MackMurphy (
blue | 89 APM | 3716 actions | 41:40)
9 Archmage
3 Summon Water Elemental
3 Brilliance Aura
2 Blizzard
1 Mass Teleport
» actions
| Assign group hotkey | 147 | |
| Basic commands | 160 | |
| Build / train | 183 | |
| ESC pressed | 3 | |
| Enter build submenu | 49 | |
| Enter hero's abilities submenu | 10 | |
| Give item / drop item | 11 | |
| Remove unit from queue | 1 | |
| Right click | 1517 | |
| Select / deselect | 407 | |
| Select group hotkey | 929 | |
| Use ability | 299 | |
3716 total
» units
| Peasant | 21 | |
| Footman | 8 | |
| Dragonhawk Rider | 8 | |
| Gryphon Rider | 1 | |
38 total
» upgrades
| Masonry | 3 | |
| Lumber Harvesting | 2 | |
| Swords | 3 | |
| Armor | 3 | |
| Animal War Training | 1 | |
| Cloud | 1 | |
13 total
» buildings
| Altar of Kings | 1 | |
| Barracks | 1 | |
| Farm | 5 | |
| Lumber Mill | 1 | |
| Arcane Vault | 1 | |
| Scout Tower | 41 | |
| Guard Tower | 66 | |
| Town Hall | 3 | |
| Keep | 2 | |
| Blacksmith | 1 | |
| Castle | 3 | |
| Gryphon Aviary | 3 | |
128 total
» build order
00:38 Altar of Kings
00:41 Barracks
00:50 Farm
01:09 Farm
01:35 Farm
02:01 Lumber Mill
02:06 Farm
02:39 Farm
03:43 Arcane Vault
04:08 Scout Tower
04:10 Scout Tower
04:14 Scout Tower
04:17 Scout Tower
04:20 Scout Tower
04:37 Guard Tower
04:37 Guard Tower
04:41 Guard Tower
04:42 Guard Tower
05:15 Town Hall
05:30 Guard Tower
05:31 Guard Tower
05:32 Guard Tower
06:05 Scout Tower
06:07 Scout Tower
06:09 Scout Tower
06:42 Guard Tower
06:42 Guard Tower
06:43 Guard Tower
06:43 Guard Tower
07:09 Town Hall
07:11 Keep
07:11 Keep
07:56 Blacksmith
08:09 Scout Tower
08:11 Scout Tower
08:11 Scout Tower
08:13 Scout Tower
08:52 Scout Tower
08:54 Scout Tower
08:56 Scout Tower
08:56 Scout Tower
09:06 Guard Tower
09:07 Guard Tower
09:07 Guard Tower
10:06 Guard Tower
10:06 Guard Tower
10:06 Guard Tower
10:06 Guard Tower
11:00 Castle
11:01 Castle
11:01 Castle
11:47 Gryphon Aviary
13:21 Gryphon Aviary
13:22 Gryphon Aviary
13:57 Guard Tower
13:57 Guard Tower
14:05 Scout Tower
15:37 Guard Tower
15:38 Guard Tower
15:38 Guard Tower
23:25 Scout Tower
23:25 Scout Tower
23:26 Scout Tower
23:29 Scout Tower
24:35 Guard Tower
24:35 Guard Tower
24:36 Guard Tower
25:28 Guard Tower
25:29 Guard Tower
32:03 Town Hall
32:05 Scout Tower
32:05 Scout Tower
32:06 Scout Tower
32:07 Scout Tower
33:28 Guard Tower
33:28 Guard Tower
34:11 Scout Tower
34:12 Scout Tower
34:13 Scout Tower
34:14 Scout Tower
34:17 Scout Tower
34:18 Scout Tower
34:19 Scout Tower
34:20 Scout Tower
34:21 Scout Tower
34:21 Scout Tower
34:22 Scout Tower
34:22 Scout Tower
34:24 Scout Tower
34:26 Scout Tower
34:32 Scout Tower
34:32 Scout Tower
35:00 Guard Tower
35:00 Guard Tower
35:00 Guard Tower
35:02 Guard Tower
35:02 Guard Tower
35:02 Guard Tower
35:17 Guard Tower
35:17 Guard Tower
35:17 Guard Tower
35:18 Guard Tower
35:18 Guard Tower
35:55 Guard Tower
35:55 Guard Tower
35:56 Guard Tower
36:28 Guard Tower
36:29 Guard Tower
36:29 Guard Tower
36:29 Guard Tower
36:30 Guard Tower
» items
| Staff of Teleportation | 1 | |
| Scroll of Regeneration | 8 | |
| Mechanical Critter | 4 | |
| Tome of Retraining | 1 | |
| Potion of Invisibility | 4 | |
| Potion of Lesser Invulnerability | 4 | |
| Scroll of Town Portal | 4 | |
| Potion of Healing | 6 | |
| Staff of Sanctuary | 1 | |
33 total
Cruzer6 (
teal | 31 APM | 422 actions | 13:36)
3 Keeper of the Grove
2 Force of Nature
1 Thorns Aura
2 Priestess of the Moon
1 Searing Arrows
1 Trueshot Aura
» actions
| Basic commands | 12 | |
| Build / train | 47 | |
| Enter build submenu | 13 | |
| Enter hero's abilities submenu | 5 | |
| Give item / drop item | 1 | |
| Right click | 167 | |
| Select / deselect | 144 | |
| Use ability | 33 | |
422 total
» units
| Wisp | 12 | |
| Archer | 6 | |
| Huntress | 7 | |
| Dryad | 4 | |
| Mountain Giant | 1 | |
30 total
» upgrades
| Reinforced Hides | 1 | |
| Nature's Blessing | 1 | |
| Strength of the Wild | 1 | |
| Abolish Magic | 1 | |
4 total
» buildings
| Altar of Elders | 1 | |
| Moon Well | 4 | |
| Ancient of War | 1 | |
| Ancient of Wonders | 1 | |
| Hunter's Hall | 1 | |
| Tree of Ages | 1 | |
| Ancient of Lore | 2 | |
| Tree of Life | 1 | |
12 total
» build order
00:14 Altar of Elders
00:24 Moon Well
00:53 Ancient of War
01:55 Moon Well
02:06 Ancient of Wonders
02:25 Moon Well
02:38 Hunter's Hall
03:57 Tree of Ages
05:18 Moon Well
07:44 Ancient of Lore
07:50 Ancient of Lore
09:08 Tree of Life
» items
| Lesser Clarity Potion | 1 | |
| Scroll of Speed | 2 | |
| Healing Salve | 1 | |
| Scroll of Town Portal | 1 | |
5 total
jpex123 (
pink | 39 APM | 533 actions | 13:41)
3 Blademaster
1 Wind Walk
2 Critical Strike
» actions
| Assign group hotkey | 13 | |
| Build / train | 43 | |
| Enter build submenu | 11 | |
| Enter hero's abilities submenu | 3 | |
| Right click | 181 | |
| Select / deselect | 145 | |
| Select group hotkey | 116 | |
| Use ability | 21 | |
533 total
» units
» upgrades
| Melee Weapons | 3 | |
| Armor | 3 | |
| Berserker Strength | 1 | |
7 total
» buildings
| Altar of Storms | 1 | |
| Orc Burrow | 6 | |
| Barracks | 1 | |
| War Mill | 1 | |
| Stronghold | 1 | |
| Voodoo Lounge | 1 | |
| Fortress | 1 | |
| Tauren Totem | 2 | |
14 total
» build order
00:07 Altar of Storms
00:10 Orc Burrow
00:32 Barracks
01:59 Orc Burrow
02:23 War Mill
03:05 Orc Burrow
03:54 Stronghold
04:29 Voodoo Lounge
06:06 Orc Burrow
06:30 Fortress
07:21 Orc Burrow
08:33 Orc Burrow
09:35 Tauren Totem
09:37 Tauren Totem
» items
| Healing Salve | 2 | |
| Orb of Lightning | 2 | |
4 total
Fiery_WA (
orange | 23 APM | 962 actions | 41:43)
6 Blademaster
1 Wind Walk
2 Mirror Image
3 Critical Strike
1 Keeper of the Grove
1 Entangling Roots
» actions
| Basic commands | 13 | |
| Build / train | 51 | |
| ESC pressed | 1 | |
| Enter build submenu | 31 | |
| Enter hero's abilities submenu | 8 | |
| Right click | 595 | |
| Select / deselect | 194 | |
| Use ability | 69 | |
962 total
» units
| Peon | 13 | |
| Grunt | 4 | |
| Demolisher | 2 | |
| Wind Rider | 7 | |
| Troll Witch Doctor | 1 | |
| Wisp | 6 | |
33 total
» upgrades
| Pillage | 1 | |
| Envenomed Spears | 1 | |
| Pulverize | 1 | |
3 total
» buildings
| Altar of Storms | 1 | |
| Orc Burrow | 6 | |
| Barracks | 1 | |
| War Mill | 2 | |
| Stronghold | 2 | |
| Voodoo Lounge | 2 | |
| Beastiary | 1 | |
| Fortress | 1 | |
| Watch Tower | 2 | |
| Spirit Lodge | 1 | |
| Great Hall | 2 | |
| Tree of Eternity | 1 | |
| Ancient of Wind | 1 | |
| Chimaera Roost | 1 | |
| Tree of Life | 5 | |
| Ancient Protector | 1 | |
| Altar of Elders | 1 | |
| Moon Well | 1 | |
32 total
» build order
00:11 Altar of Storms
00:17 Orc Burrow
01:14 Barracks
01:25 War Mill
01:42 Orc Burrow
03:13 Stronghold
04:08 Orc Burrow
05:07 Voodoo Lounge
06:24 Voodoo Lounge
06:33 Beastiary
06:35 Fortress
07:52 Watch Tower
08:41 Watch Tower
09:49 Spirit Lodge
10:54 Great Hall
13:53 Tree of Eternity
14:03 Ancient of Wind
15:06 Orc Burrow
16:27 Chimaera Roost
17:16 Great Hall
18:18 Orc Burrow
19:15 Tree of Life
19:31 Tree of Life
19:42 Ancient Protector
20:56 War Mill
21:32 Altar of Elders
22:32 Orc Burrow
22:42 Stronghold
25:45 Tree of Life
26:41 Tree of Life
27:25 Moon Well
29:02 Tree of Life
» items
Chat log
(01:02 / All) MamasFamily: who is your favorite character of mamas family and why is it oyur fave tv show
(04:42 / Allies) jt94beachbum: units
(04:47 / Allies) CLOPES: chims
(06:33 / Allies) uR-aLL-NooBs: yellow....
(06:52 / Allies) uR-aLL-NooBs: fucking noob
(07:09 / Allies) MamasFamily: I'm not even on your sdie retard
(07:16 / Allies) uR-aLL-NooBs: u stupid fuck
(07:18 / Allies) uR-aLL-NooBs: ur on my team
(07:19 / Allies) MamasFamily: that;s my base retard faggot
(07:20 / Allies) uR-aLL-NooBs: u noob
(07:25 / Allies) uR-aLL-NooBs: and UR RIGHT HERE
(07:28 / Allies) uR-aLL-NooBs: fucking idiot
(07:28 / Allies) MamasFamily: You aren't my master
(07:36 / Allies) MamasFamily: I don't answer to your beck and call
(07:37 / Allies) uR-aLL-NooBs: uninstall
(07:38 / Allies) uR-aLL-NooBs: jesus
(07:40 / Allies) uR-aLL-NooBs: ur terrible
(08:05 / Allies) MamasFamily: yeah I don't do what you want that means I suck
(08:09 / Allies) uR-aLL-NooBs: uninstall noob
(08:20 / Allies) MamasFamily: Lol 669-725
(08:27 / Allies) uR-aLL-NooBs: uninstall noob
(08:32 / Allies) MamasFamily: stop talking to yourself
(08:35 / Allies) uR-aLL-NooBs: replay shows that
(10:46 / Allies) CLOPES: countrrr
(10:55 / Allies) MamasFamily: luymbers
(11:16 / Allies) MamasFamily: lumbers
(12:18 / All) Cruzer6: tp now
(13:21 / All) MamasFamily: fiery you the best
(13:32 / All) jpex123: blue noob
(13:41 / All) MackMurphy: No wood brothers
(13:47 / All) MackMurphy: I can't assist on a wood starved map without assistance
(14:03 / Allies) CLOPES: lum plx
(14:03 / Allies) MamasFamily: lumbers?
(15:31 / Allies) MamasFamily: pro
(15:32 / All) MackMurphy: you are an amazing player purple
(15:40 / All) uR-aLL-NooBs: yes
(15:43 / All) uR-aLL-NooBs: have raped u all game
(15:45 / All) MamasFamily: purple tells me to unisntall because I don't do exactly as he commands
(15:47 / All) MackMurphy: lol
(15:51 / All) uR-aLL-NooBs: you got a few hawks
(15:53 / All) MackMurphy: thanks for free xp
(15:53 / All) uR-aLL-NooBs: great job noob
(15:54 / Allies) CLOPES: get hipps
(15:59 / All) uR-aLL-NooBs: lmao tards
(16:09 / Allies) jt94beachbum: tp
(16:33 / All) uR-aLL-NooBs: few hawks and now youre a pro LMFAO
(16:38 / All) uR-aLL-NooBs: good loss for u
(17:03 / All) MackMurphy: 2 pro 4 u
(17:08 / All) uR-aLL-NooBs: ur as bad as yellow lo
(17:10 / All) uR-aLL-NooBs: l
(17:15 / All) MamasFamily: lawl
(17:18 / All) MackMurphy: I am raping you with like 7 unupgraded hawks
(17:28 / All) uR-aLL-NooBs: hawks vs chims you idiot
(17:30 / All) uR-aLL-NooBs: you should
(17:33 / All) MamasFamily: purple you are a lumber hoarder
(17:36 / All) MackMurphy: you are scared of me lol
(17:38 / All) uR-aLL-NooBs: why is everyone on here stupid lol
(17:51 / All) MackMurphy: ask yourself purple maybe you know the answer, idiot
(18:10 / All) uR-aLL-NooBs: aww yellow is mad
(18:11 / All) uR-aLL-NooBs: bsing now
(18:13 / All) uR-aLL-NooBs: lmfao
(18:18 / All) MamasFamily: Lumber hoarder get out
(18:24 / All) uR-aLL-NooBs: this dude doesn't get any more noob lol
(19:07 / All) MackMurphy: damn you guys are ezmode
(19:07 / All) MackMurphy: 2v4
(19:13 / All) uR-aLL-NooBs: gg noob
(19:18 / All) MackMurphy: out, trash
(19:22 / All) uR-aLL-NooBs: free win for yellow
(19:25 / All) uR-aLL-NooBs: free loss for u
(19:29 / All) MackMurphy: lol
(19:58 / All) MamasFamily: LOL
(20:01 / All) MamasFamily: YOu';RE GOOD
(20:07 / All) MackMurphy: god green and purple are horrible
(20:11 / All) MackMurphy: lmao
(20:22 / All) MamasFamily: can't even hall
(20:23 / All) MamasFamily: LOL
(20:30 / All) MackMurphy: they have chims and can't hall
(20:32 / All) MackMurphy: chims and shit
(20:33 / All) MamasFamily: uninstall noob
(20:52 / All) uR-aLL-NooBs: yellow noob as shit lol
(20:58 / All) MackMurphy: he's better than you
(20:59 / All) MackMurphy: lol
(21:00 / All) uR-aLL-NooBs: doesn't get worse lol
(21:04 / All) MamasFamily: uninstall noob!
(21:06 / All) uR-aLL-NooBs: says the game that costs his team the game
(21:09 / All) uR-aLL-NooBs: great
(21:10 / All) MackMurphy: you are proof it gets worse, purple
(21:10 / All) uR-aLL-NooBs: lol
(21:43 / All) uR-aLL-NooBs: lmaoooo
(21:48 / All) uR-aLL-NooBs: ignore the bms raping u lol
(22:11 / All) uR-aLL-NooBs: omg hawks raping greens chims
(22:15 / All) uR-aLL-NooBs: blue is a pro
(22:16 / All) uR-aLL-NooBs: lmfao
(22:17 / All) uR-aLL-NooBs: tard
(22:28 / All) MackMurphy: better than you
(22:29 / All) MackMurphy: chimbot
(22:33 / All) uR-aLL-NooBs: idiot
(22:35 / All) MackMurphy: everyone in this match is better than green and purple
(22:38 / All) MackMurphy: you two are free xp
(22:40 / Allies) CLOPES: y rnt u guys killing them
(22:49 / All) MackMurphy: that's all you are
(22:53 / All) MackMurphy: just food for better players
(23:02 / All) MackMurphy: you are the feeder fish of wc3
(23:26 / Allies) jt94beachbum: i just now noticed you were killin eachother hahaha
(23:31 / Allies) MamasFamily: lol
(23:33 / Allies) MamasFamily: god you suck
(23:42 / Allies) uR-aLL-NooBs: because you have tele?
(23:43 / Allies) uR-aLL-NooBs: dude
(23:45 / Allies) uR-aLL-NooBs: stfu pleas
(23:46 / Allies) MamasFamily: yeah you're gonna get it purp
(23:48 / Allies) uR-aLL-NooBs: ur trash
(23:54 / Allies) MamasFamily: lol!
(23:56 / Allies) MamasFamily: chimbot trash
(24:08 / Allies) uR-aLL-NooBs: you only win because you bullshitted first like a fucking nooib
(24:10 / Allies) uR-aLL-NooBs: like you are
(24:11 / All) MackMurphy: sup purple
(24:12 / Allies) uR-aLL-NooBs: gj noob
(24:12 / All) MackMurphy: noob
(24:16 / Allies) MamasFamily: cry bitch
(24:18 / Allies) MamasFamily: fucking pussy
(24:22 / Allies) uR-aLL-NooBs: noob
(24:24 / Allies) uR-aLL-NooBs: noob more
(24:25 / Allies) uR-aLL-NooBs: plz
(24:29 / Allies) uR-aLL-NooBs: show us more, noob
(24:30 / Allies) MamasFamily: stop talking to yourself
(24:32 / Allies) MamasFamily: it's unhealthy
(24:34 / Allies) uR-aLL-NooBs: plz noob
(24:36 / Allies) uR-aLL-NooBs: show us more
(24:39 / Allies) uR-aLL-NooBs: noob
(24:47 / Allies) uR-aLL-NooBs: fucking tard
(25:20 / All) uR-aLL-NooBs: yellow has 12000 gold and no units LOLOL
(25:24 / All) MackMurphy: green and purple, uninstall
(25:28 / All) uR-aLL-NooBs: fucking hilarious
(25:36 / All) uR-aLL-NooBs: meanwhile blue's lost the entire game for his team
(25:39 / All) uR-aLL-NooBs: and is still here
(25:40 / All) MackMurphy: yellow is the only good player on your team dude
(25:43 / All) uR-aLL-NooBs: LMFAO
(25:46 / All) MackMurphy: LOL I'm 1v4ing
(25:49 / All) MackMurphy: Stay mad as shit bruh
(25:54 / All) jt94beachbum: lol
(25:55 / All) uR-aLL-NooBs: fucking game of tards lol
(26:05 / All) MackMurphy: you are the biggest tard here purple
(26:19 / Allies) uR-aLL-NooBs: sorry red
(26:22 / Allies) uR-aLL-NooBs: we raped early
(26:27 / All) jt94beachbum: it happens
(26:29 / Allies) uR-aLL-NooBs: too bad our team is stupid as fuck lol
(26:31 / All) MamasFamily: yeah you were the reason for our success purple
(26:36 / All) MamasFamily: johnny come lately
(26:48 / All) MamasFamily: 3 of their armei were dead and orange base before yo uever came retard
(26:55 / Allies) uR-aLL-NooBs: i raped orange
(26:59 / All) MamasFamily: no you didn't
(27:00 / All) MamasFamily: I did
(27:00 / Allies) uR-aLL-NooBs: and then red came we raped even more
(27:02 / Allies) uR-aLL-NooBs: u did shit
(27:04 / Allies) uR-aLL-NooBs: all game
(27:06 / All) MamasFamily: You did shit with your arhces faggot
(27:07 / Allies) uR-aLL-NooBs: until late
(27:10 / All) MackMurphy: Would you agree purple was the biggest retard this game yellow?
(27:10 / Allies) uR-aLL-NooBs: and then bsed
(27:12 / All) MamasFamily: then you whiend cuz I didn't help you shit harass
(27:13 / All) MackMurphy: He seems like it to me
(27:26 / All) uR-aLL-NooBs: of course he does. you two are fucking each other in the ass lol
(27:36 / All) uR-aLL-NooBs: get a room...
(27:45 / All) MackMurphy: I'm fucking you in the ass
(27:59 / All) uR-aLL-NooBs: nope.... you're only alive because yellow bs'ed like a noob
(28:01 / All) uR-aLL-NooBs: typical
(28:08 / All) uR-aLL-NooBs: now you can both fuck each other lol
(28:13 / All) MackMurphy: If yellow wasn't here but another player of your calibre was instead I'd 1v4 you with hawks
(28:49 / All) MackMurphy: the fiery wah blademaster is down
(29:13 / All) uR-aLL-NooBs: yellow. if you weren't such a tard, you'd give red 6000 gold and we'd easily win
(29:16 / All) uR-aLL-NooBs: but you're noob as shit
(29:18 / All) MamasFamily: lol
(29:24 / All) uR-aLL-NooBs: what an idiot
(29:26 / All) uR-aLL-NooBs: like really
(29:29 / All) uR-aLL-NooBs: you gott uninstall
(29:34 / All) MackMurphy: you are the biggest idiot here purple
(29:35 / Allies) uR-aLL-NooBs: 14000 gold
(29:38 / All) uR-aLL-NooBs: 14000 gold
(29:39 / All) MackMurphy: one of the dumbest players I've seen in a while
(29:42 / All) uR-aLL-NooBs: with 50 food
(29:43 / All) uR-aLL-NooBs: LOL
(29:53 / All) MackMurphy: do you even know what food does in this game?
(29:57 / All) MackMurphy: trivia question
(30:04 / All) MackMurphy: what does it do when you stay under 50 food?
(30:12 / All) uR-aLL-NooBs: 15000 gold and won't share lol
(30:17 / All) uR-aLL-NooBs: 15k gold lmfaoooo
(30:21 / All) MamasFamily: purp not even 50%
(30:23 / All) MackMurphy: I wouldn't share with noobs as big as you eith
(30:25 / All) MackMurphy: either
(30:27 / All) uR-aLL-NooBs: aww man, what a noob
(31:04 / All) uR-aLL-NooBs: once again yellow.... useless
(31:05 / All) uR-aLL-NooBs: gg
(31:29 / All) uR-aLL-NooBs: its just crazy how bad this guy is
(31:52 / All) uR-aLL-NooBs: afk
(31:55 / All) uR-aLL-NooBs: have fun tards
(32:02 / All) uR-aLL-NooBs: sorry red. you were the one decent player
(32:10 / All) MackMurphy: lol
(32:18 / All) MamasFamily: purple is salty as all get out
(33:36 / All) MamasFamily: Fiery you ready for another standoff?
(33:48 / All) MackMurphy: Purple vs the fiery wah
(34:26 / All) Fiery_WA: i would if blue hadn't of tp'd on my hero
(34:39 / All) MamasFamily: What do you mean
(34:47 / All) MamasFamily: Fiery you've been in numerous standoffs
(34:51 / All) MamasFamily: You should know what's up
(36:06 / All) Fiery_WA: lol blue is killing himself
(36:14 / All) MackMurphy: for the standoff, retard
(36:26 / All) MamasFamily: Fiery is like a read only computer
(36:35 / All) MamasFamily: it doesn't take in new information
(36:49 / All) Fiery_WA: no coz its old
(36:59 / All) MamasFamily: You've been in several games with us
(37:09 / All) MamasFamily: Where kill everything including our own stuff
(37:13 / All) MamasFamily: so no one can win
(37:25 / All) MamasFamily: except by forfeiture
(38:38 / All) MamasFamily: Fiery which is your favorite terminator movie?
(39:09 / All) Fiery_WA: i like alien better
(39:15 / All) MackMurphy: Alien owns
(39:17 / All) MamasFamily: that's not the question
(39:26 / All) MamasFamily: terminator 1 or terminator 2?
(40:51 / All) MamasFamily: The correct answer is Terminator 1.
(41:29 / All) MackMurphy: Good luck everyone
(41:32 / All) MackMurphy: LET IT BEGIN, LET IT BEGIN
(41:42 / All) MamasFamily: Good luck manchild and old lady